 Dungeon Crawl Stone Soup version 0.30.0-19-g36f170ea60 (webtiles) character file.

Game seed: 10504482102508889352

113263 croobank the Thaumaturge (level 15, -4/132 HPs)
             Began as a Demigod Summoner on May 29, 2023.
             Slain by a spark wasp (5 damage)
             ... on level 1 of the Spider Nest.
             The game lasted 02:20:56 (24027 turns).

croobank the Thaumaturge (Demigod Summoner)        Turns: 24027, Time: 02:20:57

Health: -4/132     AC: 13    Str: 13    XL:     15   Next: 65%
Magic:  32/37      EV: 27    Int: 37    God:
Gold:   2544       SH:  8    Dex: 18    Spells: 6/40 levels left

rFire   + + .        a - +9 spear of Contradiction {drain, Dex+4}
rCold   + . .        H - +3 buckler
rNeg    . . .        z - +3 troll leather armour {Pargi}
rPois   +            x - +0 helmet
rElec   +            O - +1 cloak of Starlight {*Dazzle EV+4 Stlth--}
rCorr   +            w - +1 pair of gloves of Absolutism {Will+ Regen+ Str+4 Slay+2}
SInv    .            k - +0 pair of boots
Will    ++...        P - amulet of magic regeneration Stlth
                     r - ring of protection from fire
HPRegen 2.02/turn    D - +5 ring of evasion
MPRegen 0.65/turn

%: no passive effects
@: lethally poisoned (-4 -> -5), resistant, marked, forested
A: high MP 1, forlorn, divine attributes
a: no special abilities


You were on level 1 of the Spider Nest.
You visited 4 branches of the dungeon, and saw 23 of its levels.
You also visited: Sewer.

You collected 3284 gold pieces.
You spent 740 gold pieces at shops.

Inventory:

Hand Weapons
 a - the +9 spear of Contradiction (weapon) {drain, Dex+4}
   (You found it on level 3 of the Dungeon)

   Dex:       It affects your dexterity (+4).
 b - a +6 hand crossbow of freezing
 V - a +0 demon whip of flaming
 W - a +4 scimitar of flaming
Missiles
 v - 11 atropa-tipped darts
 F - 4 silver javelins
 Y - 6 boomerangs of dispersal
Armour
 k - a +0 pair of boots (worn)
 w - the +1 pair of gloves of Absolutism (worn) {Will+ Regen+ Str+4 Slay+2}
   (You acquired it on level 3 of the Dungeon)

   Str:       It affects your strength (+4).
   Slay:      It affects your accuracy & damage with ranged weapons and melee
   (+2).
   Regen:     It increases your rate of health regeneration.
   Will:      It increases your willpower.
 x - a +0 helmet (worn)
 z - a +3 troll leather armour (worn) {Pargi}
 H - a +3 buckler (worn)
 O - the +1 cloak of Starlight (worn) {*Dazzle EV+4 Stlth--}
   (You bought it in a shop on level 2 of the Orcish Mines)

   *Dazzle:   It may blind those who miss an attack against the wearer in melee
   combat.
   EV:        It affects your evasion (+4).
   Stlth:     It makes you much less stealthy.
 Q - a +2 robe of willpower
Jewellery
 d - a ring of poison resistance
 e - a ring of see invisible
 l - a ring of wizardry
 r - a ring of protection from fire (left hand)
 t - a +4 ring of slaying
 D - a +5 ring of evasion (right hand)
 G - a +4 ring of protection
 J - a ring of positive energy
 L - a ring of flight
 P - an amulet of magic regeneration (around neck)
Wands
 n - a wand of roots (24)
 o - a wand of mindburst (26)
 E - a wand of flame (15)
 X - a wand of charming (9)
Scrolls
 g - 4 scrolls of silence
 m - 2 scrolls of amnesia
 q - 14 scrolls of teleportation
 y - 4 scrolls of poison
 A - 7 scrolls of fear
 K - 3 scrolls of immolation
 M - 3 scrolls of fog
 N - a scroll of magic mapping
 T - 3 scrolls of vulnerability
Potions
 c - a potion of berserk rage
 f - a potion of invisibility
 h - 2 potions of lignification
 i - 7 potions of flight
 j - 13 potions of curing
 p - a potion of cancellation
 s - 3 potions of brilliance
 u - 5 potions of magic
 B - 3 potions of resistance
 C - a potion of might
 I - 3 potions of heal wounds
 S - 3 potions of attraction
 U - 3 potions of haste
 Z - 2 potions of mutation
Miscellaneous
 R - a phial of floods


   Skills:
 + Level 12.1 Fighting
 - Level 1.3 Ranged Weapons
 - Level 2.2 Armour
 + Level 12.2 Dodging
 - Level 1.9 Stealth
 - Level 3.0 Shields
 * Level 13.1 Spellcasting
 - Level 5.0 Hexes
 + Level 12.5 Summonings
 - Level 9.0 Air Magic
 - Level 1.3 Evocations


You had 6 spell levels left.
You knew the following spells:

 Your Spells              Type           Power      Damage    Failure   Level
a - Summon Small Mammal   Summ           100%       N/A       0%          1
b - Call Imp              Summ           100%       N/A       1%          2
c - Call Canine Familiar  Summ           87%        N/A       1%          3
d - Summon Guardian Gole  Hex/Summ       73%        N/A       1%          3
e - Summon Lightning Spi  Summ/Air       81%        N/A       1%          4
f - Summon Mana Viper     Hex/Summ       73%        N/A       1%          5
g - Summon Cactus Giant   Summ           43%        N/A       2%          6
h - Summon Forest         Summ/Tloc      31%        N/A       6%          5
i - Blink                 Tloc           48%        N/A       4%          2
j - Swiftness             Air            74%        N/A       1%          3

Your spell library contained the following spells:

 Spells                   Type           Power      Damage    Failure   Level
 Cigotuvi's Dreadful Rot  Necr/Pois/Air  92%        N/A       1%          2
 Ensorcelled Hibernation  Hex/Ice        84%        N/A       1%          2
 Tukima's Dance           Hex            57%        N/A       1%          3
 Summon Ice Beast         Ice/Summ       63%        N/A       1%          4
 Apportation              Tloc           48%        N/A       2%          1
 Freeze                   Ice            96%        1d10      2%          1
 Lesser Beckoning         Tloc           48%        N/A       4%          2
 Passwall                 Tmut/Erth      20%        N/A       4%          2
 Frozen Ramparts          Ice            48%        1d8       9%          3
 Hailstorm                Conj/Ice       24%        3d7       9%          3
 Ice Form                 Ice/Tmut       24%        N/A       26%         4
 Manifold Assault         Tloc           24%        N/A       26%         4
 Passage of Golubria      Tloc           24%        N/A       26%         4
 Yara's Violent Unravell  Hex/Tmut       21%        3d10      26%         5
 Alistair's Intoxication  Tmut/Pois      16%        N/A       58%         5
 Simulacrum               Ice/Necr       12%        N/A       99%         6
 Storm Form               Tmut/Air       27%        N/A       98%         7


Dungeon Overview and Level Annotations

Branches:
Dungeon (15/15)            Temple (0/1) D:5            Lair (5/5) D:9
 Shoals (0/4) Lair:3       Spider (1/4) Lair:3        Slime (0/5) Lair:5
    Orc (2/2) D:10            Elf (0/3) Orc:2        Vaults (0/5) D:14
 Depths (0/4) D:15          Sewer (visited)

Shops:
D:5 (   D:6 ?   D:9 *   D:14 [   Orc:2 ?*(:*

Annotations:
Lair:4 1 runed translucent door, Bananafolds's ghost, journeyman MfSk


Innate Abilities, Weirdness & Mutations

You have an increased reservoir of magic. (+10% MP)
You shall have no god before yourself.
Your divine heritage dramatically boosts your attributes as you level up.


Message History

The demonic crawler is engulfed in blazing flames.
The demonic crawler completely misses you.
The demonic crawler hits you.
* * * LOW HITPOINT WARNING * * *
The demonic crawler completely misses you.
The emperor scorpion attacks as you move away!
The emperor scorpion closely misses you.
The emperor scorpion is temporarily struck blind!
The emperor scorpion barely misses you.
The emperor scorpion closely misses you.
You feel very sick.
The culicivora is engulfed in blazing flames.
The wolf spider is engulfed in blazing flames. x2
The steelbarb worm is engulfed in blazing flames.
Flame seeps out of the steelbarb worm.
The steelbarb worm is struck by your cactus giant's spines.
Flame seeps out of the steelbarb worm.
The steelbarb worm hits your cactus giant!
Your cactus giant is skewered by barbed spikes.
The spark wasp closely misses you.
The emperor scorpion is engulfed in blazing flames.
Flame seeps out of the emperor scorpion.
The emperor scorpion is struck by your cactus giant's spines.
Flame seeps out of the emperor scorpion.
The emperor scorpion stings your cactus giant!!
Your cactus giant is destroyed!
Your cactus giant disappears in a puff of smoke!
The wolf spider is engulfed in blazing flames.
The culicivora is engulfed in blazing flames.
The wolf spider is healed somewhat.
The demonic crawler is engulfed in blazing flames.
The wolf spider is engulfed in blazing flames. x3
The hog is engulfed in blazing flames.
You feel protected.
You feel very sick.
The redback is engulfed in blazing flames.
The spark wasp stings you!!
* * * LOW HITPOINT WARNING * * *
The spark wasp shocks you. You resist.
You die...

........#####
............###
...s§§☼§.....####
#hsss§☼§.♣......##
#§hss§.§§?...♣...♣
#§§§§§†§§.!~......
#☼§☼.§§§☼..~~.....
##...§§w.ss~.~~~♣.
#......s.@.~~~~♣##♣
####.....#♣y♣.~~~~~..♣
#........♣....~♣♣.~..#
#........♣.....^....=♣
#........#........#♣##
##....†..♣♣.....♣.#
#....<####♣^##♣###
#.......###♣#
##.......#


You could see an emperor scorpion (inner flame, blind), a steelbarb worm (inner
flame), a spark wasp, a demonic crawler, 4 wolf spiders, a culicivora, 2 hogs
and 2 redbacks.

Vanquished Creatures
  A stone giant (D:15)
  Nessos (D:15)
  A spark wasp (Spider:1)
  A catoblepas (D:15)
  A centaur warrior (D:14)
  A boulder beetle (Lair:1)
  2 tengu warriors
  4 two-headed ogres
  2 deep elf pyromancers
  3 wolf spiders (Spider:1)
  2 lindwurms
  3 cyclopes
  An elephant (Lair:5)
  A manticore (D:14)
  A demonic crawler (Spider:1)
  5 cane toads
  2 black mambas
  A gargoyle (D:14)
  Maggie (D:9)
  An unseen horror (D:12)
  4 komodo dragons
  A nameless horror (D:14)
  A meliai (D:14)
  A polar bear (Lair:5)
  A troll (D:8)
  2 tarantellas (Spider:1)
  A blink frog (Lair:3)
  2 jumping spiders (Spider:1)
  4 slime creatures
  2 culicivoras (Spider:1)
  A wyvern (D:9)
  3 wraiths
  37 yaks
  A fire elemental (D:13)
  2 shadows (D:11)
  5 redbacks (Spider:1)
  2 steam dragons
  A warg (D:10)
  6 water moccasins
  Duvessa (D:4)
  An orc warrior (D:10)
  An ice beast (D:5)
  Pargi (Sewer)
  A black bear (Lair:5)
  8 ogres
  A boggart (Lair:5)
  9 wolves
  2 phantoms
  A centaur (D:5)
  5 bullfrogs
  A kobold brigand (D:7)
  A gnoll sergeant (D:9)
  Dowan (D:4)
  A killer bee (D:10)
  An electric eel (Lair:3)
  A hound (D:4)
  10 orc priests
  2 iguanas
  8 orc wizards
  4 hell rats (Lair:1)
  4 gnolls
  5 adders
  10 river rats (Lair:1)
  A shadow imp (D:8)
  3 white imps
  A worm (D:2)
  A dart slug (D:4)
  24 orcs
  A bat (D:3)
  3 endoplasms
  5 giant cockroaches
  2 goblins
  4 hobgoblins
  3 jackals (D:1)
  5 kobolds
  9 quokkas
  4 ball pythons
  4 frilled lizards
  10 rats
272 creatures vanquished.

Vanquished Creatures (collateral kills)
  A tengu reaver (D:14)
  Azrael (D:13)
  Snorg (Lair:5)
  An ettin (D:14)
  A fire dragon (D:14)
  2 hydras (Lair:5)
  A catoblepas (Lair:5)
  The ghost of Luunch the Slicer, a journeyman DjHW of Gozag (Lair:1)
  3 ogre magi
  5 boulder beetles
  4 centaur warriors
  15 two-headed ogres
  A deep troll shaman (Lair:5)
  A death knight (D:14)
  9 tengu warriors
  5 death yaks (Lair:5)
  2 deep trolls (Orc:2)
  A harpy (shapeshifter) (D:14)
  Pikel (D:8)
  2 deep elf pyromancers
  4 wolf spiders
  4 manticores
  An orc sorcerer (Orc:2)
  10 ugly things
  6 elephants
  7 cyclopes
  The ghost of Liamsmithers the Sneak, a novice OpFE (D:6)
  2 demonic crawlers (Spider:1)
  A black mamba (Lair:5)
  8 cane toads
  A gargoyle (D:13)
  A kobold demonologist (D:14)
  Psyche (D:8)
  A rime drake (Lair:3)
  2 tengu conjurers
  5 komodo dragons
  2 efreet
  8 trolls
  A wolf spider simulacrum (D:14)
  A meliai (shapeshifter) (D:13)
  A meliai (D:14)
  3 polar bears (Lair:5)
  3 tarantellas (Spider:1)
  2 blink frogs (Lair:3)
  A snapping turtle (Lair:3)
  5 slime creatures
  A culicivora (Spider:1)
  20 yaks
  3 wraiths (D:14)
  5 wyverns
  A water elemental (D:14)
  A basilisk (shapeshifter) (D:14)
  A fire elemental (D:13)
  3 vampire mosquitoes (D:14)
  A redback (Spider:1)
  A basilisk (D:14)
  A naga (shapeshifter) (D:14)
  2 wargs (Orc:2)
  8 water moccasins
  4 hell hounds (D:13)
  3 acid dragons
  7 orc warriors
  4 black bears
  17 ogres
  6 wolves
  4 boggarts
  2 lemures (D:8)
  3 bullfrogs
  A scorpion (D:5)
  4 wights (D:9)
  7 killer bees
  2 howler monkeys (D:13)
  2 jellies
  5 orc priests
  20 orc wizards
  2 hell rats (Lair:1)
  A boggart simulacrum (D:14)
  3 adders
  2 river rats (Lair:1)
  2 dart slugs
  32 orcs
  3 ball pythons
  3 endoplasms
  A giant cockroach (D:1)
  3 goblins
  4 hobgoblins
  3 jackals
  8 kobolds
  5 quokkas
  4 bats
  3 frilled lizards
  6 rats
  A butterfly (Lair:1)
365 creatures vanquished.

Vanquished Creatures (others)
  5 hydras
  2 centaur warriors (D:13)
  2 boulder beetles
  A two-headed ogre (D:13)
  2 tengu warriors
  A death yak (Lair:5)
  A skyshark (Lair:4)
  A manticore (D:14)
  5 ugly things
  2 elephants (Lair:5)
  A cane toad (Lair:5)
  A tengu conjurer (D:14)
  Grinder (D:4)
  A slime creature (D:12)
  A wyvern (D:9)
  5 yaks
  A vampire mosquito (D:14)
  An acid dragon (D:14)
  An orc warrior (D:6)
  A swamp drake (D:9)
  3 killer bees (D:9)
  An orc priest (D:9)
  A gnoll bouda (D:8)
  An orc wizard (D:6)
  A hell rat (Lair:1)
  4 gnolls (D:8)
  2 river rats (D:6)
  A giant cockroach (D:6)
  4 snaplasher vines (Orc:2)
54 creatures vanquished.

Grand Total: 691 creatures vanquished

Notes
Turn   | Place    | Note
-------+----------+-------------------------------------------
     0 | D:1      | croobank the Demigod Summoner began the quest for the Orb.
     0 | D:1      | Reached XP level 1. HP: 14/14 MP: 5/5
   238 | D:1      | Reached XP level 2. HP: 21/22 MP: 5/7
   243 | D:1      | Reached skill level 2 in Spellcasting
   493 | D:1      | Learned a level 2 spell: Call Imp
   517 | D:1      | Reached skill level 1 in Fighting
  1114 | D:2      | Reached XP level 3. HP: 28/28 MP: 3/9
  1118 | D:2      | Learned a level 3 spell: Call Canine Familiar
  1162 | D:2      | Reached XP level 4. HP: 36/36 MP: 5/10
  2600 | D:3      | Reached XP level 5. HP: 41/41 MP: 8/11
  2797 | D:3      | Identified the +9 spear of Contradiction {drain, Dex+4}
  2803 | D:3      | Learned a level 3 spell: Summon Guardian Golem
  2865 | D:3      | Identified a scroll of acquirement
  2865 | D:3      | Acquired the +1 pair of gloves of Absolutism {Will+ Regen+
                  | Str+4 Slay+2}
  3159 | D:3      | Found a glowing drain.
  3167 | Sewer    | Entered a sewer
  3207 | Sewer    | Noticed Pargi
  3230 | Sewer    | Killed Pargi
  3316 | Sewer    | Reached skill level 1 in Armour
  3417 | D:3      | Reached XP level 6. HP: 50/50 MP: 11/13
  3556 | D:3      | Reached skill level 1 in Hexes
  3721 | D:4      | Noticed Grinder
  3729 | D:4      | Noticed Dowan
  3733 | D:4      | Reached skill level 3 in Spellcasting
  3734 | D:4      | Reached skill level 1 in Evocations
  3749 | D:4      | Killed Dowan
  3750 | D:4      | Reached skill level 1 in Ranged Weapons
  3772 | D:4      | Noticed Duvessa
  3779 | D:4      | Killed Grinder
  3780 | D:4      | Reached XP level 7. HP: 44/56 MP: 4/15
  3784 | D:4      | Killed Duvessa
  4057 | D:4      | Reached skill level 1 in Air Magic
  4120 | D:4      | Reached skill level 5 in Summonings
  4520 | D:5      | Entered Level 5 of the Dungeon
  4558 | D:5      | Reached XP level 8. HP: 63/63 MP: 16/16
  4669 | D:5      | Acquired a ring of see invisible
  4729 | D:5      | Found Kuriler's Antique Weapon Boutique.
  4902 | D:5      | Found a staircase to the Ecumenical Temple.
  5058 | D:6      | Reached skill level 4 in Spellcasting
  5563 | D:6      | Found Finuvurph's Magic Scroll Emporium.
  5566 | D:6      | Bought a scroll of immolation for 48 gold pieces
  5566 | D:6      | Bought a scroll of noise for 12 gold pieces
  5566 | D:6      | Bought a scroll of fog for 48 gold pieces
  5566 | D:6      | Bought a scroll of identify for 24 gold pieces
  5566 | D:6      | Bought a scroll of identify for 24 gold pieces
  5792 | D:6      | Found a runed translucent door.
  5793 | D:6      | Noticed Liamsmithers's ghost (novice OpFE)
  5814 | D:6      | Killed Liamsmithers's ghost
  5815 | D:6      | Reached XP level 9. HP: 72/72 MP: 10/19
  5875 | D:6      | Found a runed translucent door.
  5933 | D:6      | Reached skill level 5 in Dodging
  5997 | D:6      | Learned a level 4 spell: Summon Lightning Spire
  6046 | D:7      | Reached skill level 5 in Fighting
  6320 | D:7      | Reached skill level 5 in Spellcasting
  6439 | D:7      | You fall into a shaft and drop 1 floor!
  6473 | D:8      | Noticed Psyche
  6480 | D:8      | Killed Psyche
  6904 | D:8      | Noticed Pikel
  6928 | D:8      | Killed Pikel
  7396 | D:8      | Reached XP level 10. HP: 72/81 MP: 21/21
  7459 | D:9      | Found Dof Gaj's Mayhem Merchandise.
  7558 | D:9      | Reached skill level 5 in Hexes
  7599 | D:9      | Noticed a boulder beetle
  7615 | D:9      | Killed a boulder beetle
  7616 | D:9      | Reached skill level 5 in Air Magic
  8224 | D:9      | Noticed Maggie
  8234 | D:9      | Killed Maggie
  8235 | D:9      | Reached skill level 6 in Spellcasting
  8592 | D:9      | Found a staircase to the Lair.
  8716 | D:10     | Entered Level 10 of the Dungeon
  8750 | D:10     | Noticed a two-headed ogre
  8757 | D:10     | Killed a two-headed ogre
  8758 | D:10     | Reached XP level 11. HP: 91/91 MP: 15/24
  9003 | D:10     | Found a staircase to the Orcish Mines.
  9631 | D:11     | Noticed a boulder beetle
  9640 | D:11     | Killed a boulder beetle
 10241 | D:11     | Noticed a two-headed ogre
 10247 | D:11     | Killed a two-headed ogre
 10274 | D:11     | Noticed a two-headed ogre
 10281 | D:11     | Killed a two-headed ogre
 10457 | D:11     | Reached skill level 7 in Spellcasting
 10471 | D:11     | Noticed a boulder beetle
 10486 | D:11     | Killed a boulder beetle
 11638 | D:13     | Noticed a deep elf pyromancer
 11648 | D:13     | Killed a deep elf pyromancer
 11684 | D:13     | Noticed a tengu warrior
 11773 | D:13     | Noticed a two-headed ogre
 11779 | D:13     | Killed a two-headed ogre
 11840 | D:13     | Reached XP level 12. HP: 101/101 MP: 20/27
 11940 | D:13     | Noticed a centaur warrior
 11947 | D:13     | Killed a centaur warrior
 11948 | D:13     | Noticed a centaur warrior
 11964 | D:13     | Killed a centaur warrior
 12012 | D:13     | Learned a level 5 spell: Summon Mana Viper
 12014 | D:13     | Noticed Azrael
 12021 | D:13     | Killed Azrael
 12121 | D:13     | Reached skill level 1 in Shields
 12271 | D:13     | Noticed a centaur warrior
 12284 | D:13     | Killed a centaur warrior
 12285 | D:13     | Reached skill level 8 in Spellcasting
 12688 | D:13     | Noticed a boulder beetle
 12704 | D:13     | Killed a boulder beetle
 13181 | Lair:1   | Entered Level 1 of the Lair of Beasts
 13248 | Lair:1   | Noticed a boulder beetle
 13274 | Lair:1   | Killed a boulder beetle
 13398 | Lair:1   | Learned a level 6 spell: Summon Cactus Giant
 13627 | Lair:1   | Found a runed translucent door.
 13632 | Lair:1   | Noticed Luunch's ghost (journeyman DjHW)
 13659 | Lair:1   | Acquired 839 gold pieces
 13763 | Lair:1   | Reached XP level 13. HP: 91/108 MP: 30/30
 14045 | Lair:1   | Killed Luunch's ghost
 14415 | Lair:2   | Reached skill level 10 in Summonings
 14687 | Lair:2   | Learned a level 5 spell: Summon Forest
 15488 | Lair:3   | Found a hole to the Spider Nest.
 15635 | Lair:3   | Reached skill level 9 in Spellcasting
 15778 | Lair:3   | Found a staircase to the Shoals.
 16417 | Lair:4   | Found a runed translucent door.
 16420 | Lair:4   | Identified the +7 spear of Pelunuo {spect, rPois rC- rN+
                  | Str+3}
 16421 | Lair:4   | Noticed Bananafolds's ghost (journeyman MfSk)
 16875 | Lair:4   | Reached skill level 10 in Dodging
 17460 | Lair:5   | Entered Level 5 of the Lair of Beasts
 17463 | Lair:5   | Noticed Snorg
 17488 | Lair:5   | Killed Snorg
 17539 | Lair:5   | Reached skill level 10 in Fighting
 17812 | Lair:5   | Acquired a +6 hand crossbow of freezing
 17836 | Lair:5   | Found a staircase to the Slime Pits.
 18218 | Lair:5   | Reached skill level 10 in Spellcasting
 18332 | Lair:5   | Reached XP level 14. HP: 121/121 MP: 20/33
 18470 | Lair:5   | Got the Papyrus of Airy Orientation
 19054 | Orc:1    | Entered Level 1 of the Orcish Mines
 19409 | Orc:2    | Entered Level 2 of the Orcish Mines
 19598 | Orc:2    | Found Uttavuv's General Store.
 19608 | Orc:2    | Bought the +1 cloak of Starlight {*Dazzle EV+4 Stlth--} for
                  | 366 gold pieces
 19608 | Orc:2    | Found the +1 cloak of Starlight {*Dazzle EV+4 Stlth--}
 19627 | Orc:2    | Found a staircase to the Elven Halls.
 19915 | Orc:2    | Found Eceirhupn's Magic Scroll Shoppe.
 19920 | Orc:2    | Bought a scroll of teleportation for 33 gold pieces
 19920 | Orc:2    | Bought a scroll of teleportation for 33 gold pieces
 19980 | Orc:2    | Found Milefuj's Antique Weapon Emporium.
 20008 | Orc:2    | Reached skill level 11 in Spellcasting
 20080 | Orc:2    | Found Qaveziog's Distillery.
 20082 | Orc:2    | Found Kef Xoutz's Assorted Antiques.
 20083 | Orc:2    | Found Goraj's Book Boutique.
 20101 | Orc:2    | Bought a scroll of vulnerability for 152 gold pieces
 20119 | Orc:2    | Learned a level 2 spell: Blink
 20709 | D:14     | Found Xosa's Antique Armour Shoppe.
 21475 | D:14     | Reached skill level 12 in Spellcasting
 21476 | D:14     | Reached XP level 15. HP: 130/130 MP: 25/36
 21556 | D:14     | Noticed a tengu reaver
 21568 | D:14     | Killed a tengu reaver
 21790 | D:14     | Got the Annotations on Rallying and the Cemetery
 21963 | D:15     | Entered Level 15 of the Dungeon
 22369 | D:14     | Found a gate to the Vaults.
 22727 | D:15     | Noticed Nessos
 22741 | D:15     | Killed Nessos
 23128 | D:15     | Found a staircase to the Depths.
 23323 | D:15     | Identified the +6 rapier of Xiheox {flame, rPois}
 23931 | Lair:3   | Learned a level 3 spell: Swiftness
 23933 | Spider:1 | Entered Level 1 of the Spider Nest
 24022 | Spider:1 | Reached skill level 13 in Spellcasting
 24027 | Spider:1 | HP: 1/132 [spark wasp (26)]
 24027 | Spider:1 | Slain by a spark wasp

Illustrated notes

Levels and vault maps discovered:
D:1:      dpeg_arrival_erosion, layout_basic,
          hellmonk_ecumenical_altar_heavens_door, serial_bayou_lagoon_b
D:2:      cheibrodos_pilgrimage, layout_loops_ring
D:3:      layout_basic, lemuel_coloured_pillars_altar, gup_sewer_entry_pipe
D:4:      layout_basic, nzn_wu_jian_contemplation,
          gammafunk_temple_overflow_wave, uniq_grinder, uniq_duvessa
D:5:      layout_basic, temple_doors_e, serial_shops, shop
D:6:      minmay_flawed_box, layout_basic, amcnicky_altar_gilded,
          ebering_ghost_sewer_f, serial_shops, kennysheep_mini_moat
D:7:      layout_layer_cave, lemuel_doored_altar, small_statue_intersection,
          uniq_menkaure
D:8:      layout_basic, nicolae_overflow_crystal_walls,
          minmay_misc_feat_pillars, uniq_pikel, uniq_psyche
D:9:      layout_rooms, erik_lair_dragon, serial_rivers,
          chequers_serial_rivers_small_a, chequers_serial_rivers_large_b,
          chequers_serial_rivers_small_b, chequers_serial_rivers_marsh,
          minmay_shop_mayhem, chequers_hall_statues_corner_a, chequers_avenue,
          uniq_maggie
D:10:     layout_gridville, mainiacjoe_overflow_concentric_impassable,
          orc_0_dummy, serial_glass, glass_columns_a, glass_columns_a
D:11:     layout_loops_corners
D:12:     layout_basic
D:13:     layout_irregular_city, uniq_azrael
D:14:     nzn_winding_woodlands_huge [nzn_winding_woodlands_5x15_twine,
          nzn_winding_woodlands_5x15_longhouse,
          nzn_winding_woodlands_5x15_garden, nzn_winding_woodlands_5x15_jagged,
          nzn_winding_woodlands_5x15_eye, nzn_winding_woodlands_5x15_parted,
          nzn_winding_woodlands_5x15_cabin, nzn_winding_woodlands_5x15_default,
          nzn_winding_woodlands_5x15_split_checker,
          nzn_winding_woodlands_5x15_pool,
          nzn_winding_woodlands_center_diamonds,
          nzn_winding_woodlands_center_garden,
          nzn_winding_woodlands_15x15_thick_spiral], layout_irregular_city,
          serial_shops, nicolae_square_shop, nicolae_water_bricks
D:15:     grunt_enter_depths_snipers, layout_irregular_city, serial_park_tiny_1,
          okawaru_gym_becter, uniq_nessos
Lair:1:   lemuel_ratsnest, layout_cellular_growth,
          ebering_ghost_reflecting_pool, nicolae_lair_grove_arrangements,
          lemuel_fruit_fields
Lair:2:   layout_cellular_growth, serial_bayou_shore_b
Lair:3:   layout_roguey, minmay_shoals_entry_hut, spider_nest_entry_web_field,
          beast_lair_carwin_5
Lair:4:   layout_layer_cave, ebering_ghost_funeral_grove, gauntlet_entry_generic
Lair:5:   grunt_lair_end_beastmaster, layout_cave_pods, slime_entry_1,
          kilobyte_rumbling_trees, serial_bayou_shore_b, uniq_snorg
Spider:1: layout_spider_delve, uniq_kirke
Orc:1:    layout_caves
Orc:2:    st_orc_open, layout_diamond_mine, serial_shops, nicolae_square_shop,
          nicolae_shop_peninsula

Skill      XL: |  1  2  3  4  5  6  7  8  9 10 11 12 13 14 15 |
---------------+----------------------------------------------+-----
Dodging        | 2 3 4 5 7 8 9 10 11 12 | 12.2
Spellcasting   | 2 3 4 5 6 7 8 10 12 13 | 13.1
Fighting       | 1 2 3 4 5 6 8 9 10 11 12 | 12.1
Summonings     | 4 5 6 7 8 9 10 11 12 | 12.5
Armour         | 1 2 |  2.2
Hexes          | 1 2 3 4 5 |  5.0
Evocations     | 1 |  1.3
Ranged Weapons | 1 |  1.3
Air Magic      | 1 3 4 6 7 8 9 |  9.0
Shields        | 3 |  3.0
Stealth        | |  1.9

Action                     |  1- 3 |  4- 6 |  7- 9 | 10-12 | 13-15 || total
---------------------------+-------+-------+-------+-------+-------++-------
  Melee: Quarterstaff      |    12 |    24 |       |       |       ||    36
         Dagger            |       |     4 |       |       |       ||     4
         Spear             |       |    76 |   159 |   289 |   389 ||   913
         Short sword       |       |       |     1 |       |       ||     1
         Punch             |       |       |     3 |     3 |       ||     6
         Scimitar          |       |       |       |       |   117 ||   117
   Fire: Triple crossbow   |       |       |    32 |       |       ||    32
         Hand crossbow     |       |       |       |       |     8 ||     8
   Cast: Summon Small Mamm |    29 |    14 |    11 |    14 |     7 ||    75
         Call Imp          |     9 |     9 |     7 |    18 |     5 ||    48
         Call Canine Famil |     1 |    17 |    10 |    32 |    26 ||    86
         Summon Guardian G |       |     2 |    19 |    43 |    31 ||    95
         Summon Lightning  |       |       |     7 |    46 |    85 ||   138
         Summon Mana Viper |       |       |       |     3 |    47 ||    50
         Summon Cactus Gia |       |       |       |     1 |    63 ||    64
         Summon Forest     |       |       |       |       |    11 ||    11
         Blink             |       |       |       |       |     1 ||     1
         Swiftness         |       |       |       |       |     1 ||     1
  Evoke: Wand              |       |       |       |       |     3 ||     3
    Use: Scroll            |       |    13 |     7 |     9 |    11 ||    40
         Potion            |       |     1 |       |       |     4 ||     5
   Stab: Sleeping          |       |     4 |     3 |     1 |     3 ||    11
         Distracted        |       |     1 |     4 |     9 |     5 ||    19
         Petrified         |       |       |       |       |     1 ||     1
         Invisible         |       |       |       |       |     6 ||     6
         Betrayed ally     |       |       |       |       |     1 ||     1
 Armour: Robe              |     2 |    17 |       |       |       ||    19
         Troll leather arm |       |    14 |    42 |    40 |   127 ||   223
  Dodge: Dodged            |    16 |    84 |   147 |   229 |   579 ||  1055
  Block: Buckler           |       |       |       |    37 |   228 ||   265
